 Dungeon Crawl Stone Soup version 0.29-a0-414-g5075937ec3 (webtiles) character file.

Game seed: 9337784262557811746

4928 trckry the Grappler (level 10, 0/97 (98) HPs)
             Began as a Troll Chaos Knight on May 15, 2022.
             Was a Plaything of Xom.
             Slain by a hornet (11 damage)
             ... on level 10 of the Dungeon.
             The game lasted 00:18:51 (6594 turns).

trckry the Grappler (Troll Chaos Knight)            Turns: 6594, Time: 00:18:51

HP:   0/97 (98)     AC:  7    Str: 28      XL:     10   Next: 27%
MP:   9/9           EV: 11    Int:  9 (10) God:    Xom [...*..]
Gold: 431           SH:  0    Dex:  9      Spells: 9/9 levels left

rFire   + + .      SeeInvis .     - Unarmed
rCold   + + .      Faith    .   (no shield)
rNeg    . . .      Spirit   .   C - +1 robe {rC+ rF+}
rPois   .          Reflect  .   J - +2 hat
rElec   .          Harm     .   (no cloak)
rCorr   .          Rampage  .   (gloves unavailable)
Will    .....                   (boots unavailable)
Stlth   +.........              (no amulet)
HPRegen 1.06/turn               e - ring of ice
MPRegen 0.11/turn               l - ring of protection from fire

@: slowed, lightly drained, very slow
A: large, unfitting armour, claws 3, regeneration 1, shaggy fur 1, tough skin 1,
clever 1, fire resistance 1, strong 1, noise suppression
a: Renounce Religion


You were on level 10 of the Dungeon.
You worshipped Xom.
You were a favourite toy of Xom.
You visited 2 branches of the dungeon, and saw 11 of its levels.

You collected 470 gold pieces.
You spent 39 gold pieces at shops.

Inventory:

Hand Weapons
 D - a +5 dagger of venom
Missiles
 n - 4 throwing nets
 p - 32 poisoned darts
Armour
 C - a +1 robe of resistance (worn)
 J - a +2 hat (worn)
Jewellery
 e - a ring of ice (left claw)
 l - a ring of protection from fire (right claw)
 H - a ring of positive energy
 M - an amulet of regeneration
Wands
 d - a wand of iceblast (12)
 w - a wand of flame (85)
 y - a wand of digging (4)
 K - a wand of acid (2)
Scrolls
 c - 4 scrolls of immolation {unknown}
 f - 4 scrolls of enchant weapon {unknown}
 h - 2 scrolls of silence {unknown}
 i - 3 scrolls of poison {unknown}
 o - 12 scrolls of teleportation {unknown}
 q - 3 scrolls of fog {unknown}
 s - 2 scrolls of vulnerability {unknown}
 t - a scroll of acquirement {unknown}
 x - a scroll of torment {unknown}
 A - a scroll of amnesia {unknown}
 E - 2 scrolls of fear {unknown}
 F - a scroll of brand weapon {unknown}
 G - a scroll of summoning {unknown}
Potions
 a - a potion of ambrosia
 g - 3 potions of heal wounds
 j - a potion of resistance
 k - 3 potions of curing
 m - 2 potions of flight
 r - 3 potions of haste
 u - 3 potions of brilliance
 v - 3 potions of mutation
 z - a potion of berserk rage
 B - 5 potions of attraction
Miscellaneous
 b - a piece from Xom's chessboard (15/15) (quivered)
 I - a condenser vane (inert)


   Skills:
 + Level 5.7 Fighting
 + Level 5.0 Armour
 + Level 5.4 Dodging
 * Level 9.4 Unarmed Combat
 + Level 4.5 Evocations


You had 9 spell levels left.
You didn't know any spells.
Your spell library contained the following spells:

 Spells                   Type           Power      Damage    Failure   Level
 Blink                    Tloc           0%         N/A       52%         2
 Corpse Rot               Necr/Air       0%         N/A       52%         2
 Conjure Flame            Conj/Fire      0%         6-21      77%         3
 Ignite Poison            Fire/Tmut/Pois 0%         N/A       77%         3
 Lesser Beckoning         Tloc           0%         N/A       77%         3
 Ozocubu's Armour         Ice            0%         N/A       77%         3
 Stone Arrow              Conj/Erth      0%         3d7       77%         3
 Dispel Undead            Necr           0%         3d6       99%         4
 Hailstorm                Conj/Ice       0%         3d3       99%         4
 Ice Form                 Ice/Tmut       0%         N/A       99%         4
 Olgreb's Toxic Radiance  Pois           0%         N/A       99%         4
 Petrify                  Tmut/Erth      0%         N/A       99%         4
 Sticky Flame             Conj/Fire      0%         2d3       99%         4
 Alistair's Intoxication  Tmut/Pois      0%         N/A       100%        5
 Blade Hands              Tmut           0%         N/A       100%        5
 Manifold Assault         Tloc           0%         N/A       100%        5
 Death Channel            Necr           0%         N/A       100%        6
 Simulacrum               Ice/Necr       0%         N/A       100%        6
 Ozocubu's Refrigeration  Ice            0%         4d5       100%        7
 Ignition                 Fire           0%         3d3       100%        8


Dungeon Overview and Level Annotations

Branches:
Dungeon (10/15)            Temple (1/1) D:5            Lair (0/6) D:9
    Orc: D:9-12

Altars:
Ashenzari
Cheibriados
Dithmenos
Elyvilon
Fedhas
Gozag
Hepliaklqana
Kikubaaqudgha
Nemelex Xobeh
Okawaru
Qazlal
Ru
Sif Muna
Trog
Uskayaw
Vehumet
Wu Jian
Xom
Yredelemnul
Zin
The Shining One

Shops:
D:6 *(   D:8 ?

Annotations:
D:5 2 transporters, Gelos's ghost, novice GnTm


Innate Abilities, Weirdness & Mutations

You are too large for most types of armour.
You have claws for hands.
Your natural rate of healing is unusually fast.
You are covered in fur. (AC +1)
You have tough skin. (AC +1)
Your mind is acute. (Int +2)
Your flesh is heat resistant. (rF+)
Your muscles are strong. (Str +2)
You passively dampen the noise of your surroundings.


Message History

You take 15 damage, and have 50/97 hp.
You scratch the hornet but do no damage.
The hornet is heavily wounded.
You feel extremely sick.
The hornet stings you but does no damage.
The hornet barely misses you.
You take 10 damage, and have 40/97 hp.
Clouds of poison gas condense around you!
The condenser dries out!
You feel extremely sick.
The hornet stings you but does no damage.
The hornet stings you!
* * * LOW HITPOINT WARNING * * *
You suddenly lose the ability to move!
You feel very sick. The hornet stings you.
* * * LOW HITPOINT WARNING * * *
You are more poisoned.
You feel as though you will be slow longer.
* * * LOW HITPOINT WARNING * * *
You feel very sick. The hornet stings you.
* * * LOW HITPOINT WARNING * * *
You are more poisoned.
You feel as though you will be slow longer.
The hornet stings you but does no damage.
You can move again.
You take 31 damage, and have 9/97 hp.
MASSIVE DAMAGE!!
You feel better. The hornet stings you!
* * * LOW HITPOINT WARNING * * *
You feel as though you will be slow longer.
The hornet stings you but does no damage.
Okay, then.
Aiming: Corrosive Bolt
Press: ? - help, Shift-Dir - straight line, f - hornet
Aim: a hornet (magical condensation, moderately wounded, 60% to hit)
The bolt of acid hits the hornet!
The acid corrodes the hornet!
The hornet is severely wounded.
The hornet closely misses you. The hornet stings you!
You die...

#....######.#
##......# # ....
+......# ... #......#
... ##......# ..
...###..# .# #
........#########.##.#
...............§§§...#
....#.......####@§§..#
...............§§y§#.#
................§§§..#
.....................#
######################


You could see a hornet (corroded).

Vanquished Creatures
  Pikel (D:6)
  2 kobold demonologists (D:9)
  A slime creature (D:9)
  A hornet (D:8)
  Sigmund (D:5)
  A steam dragon (D:9)
  Menkaure (D:5)
  3 water moccasins
  Duvessa (D:6)
  An orc warrior (D:8)
  3 ice beasts
  A sky beast (D:7)
  2 black bears
  2 phantoms
  A centaur (D:9)
  Blork the orc (D:6)
  3 kobold brigands
  3 bullfrogs
  A gnoll sergeant (D:8)
  A scorpion (D:4)
  A necrophage (D:5)
  3 wights (D:9)
  Dowan (D:6)
  3 electric eels (D:7)
  4 jellies
  2 orc priests
  3 gnoll shamans
  6 orc wizards
  15 gnolls
  7 adders
  2 shadow imps (D:7)
  3 dart slugs
  15 orcs
  10 ball pythons
  3 bats
  24 endoplasms
  3 giant cockroaches
  5 goblins
  3 hobgoblins
  2 jackals (D:1)
  3 quokkas
  3 frilled lizards (D:2)
  17 kobolds
  2 rats
171 creatures vanquished.

Vanquished Creatures (collateral kills)
  A water moccasin (D:8)
  2 gnolls (D:8)
  2 orcs (D:8)
5 creatures vanquished.

Vanquished Creatures (others)
  6 fungi (D:9)
  3 plants
  4 withered plants (D:5)
13 creatures vanquished.

Grand Total: 189 creatures vanquished

Notes
Turn   | Place    | Note
-------+----------+-------------------------------------------
     0 | D:1      | trckry the Troll Chaos Knight began the quest for the Orb.
     0 | D:1      | Reached XP level 1. HP: 22/22 MP: 0/0
   124 | D:1      | Reached XP level 2. HP: 29/29 MP: 1/1
   261 | D:1      | XOM: silly message
   506 | D:1      | Reached XP level 3. HP: 36/36 MP: 2/2
   662 | D:1      | XOM: noise
   793 | D:2      | XOM: polymorph giant cockroach -> adder
   797 | D:2      | Reached skill level 1 in Armour
   849 | D:2      | Reached XP level 4. HP: 44/44 MP: 3/3
   883 | D:2      | Reached skill level 1 in Evocations
  1610 | D:3      | XOM is BORED!
  1610 | D:3      | XOM: noise
  1813 | D:3      | XOM: stat loss: -1 Dex (8/9)
  1970 | D:4      | Noticed a phantom
  1970 | D:4      | XOM: 1-stop teleportation journey
  1981 | D:4      | XOM: divination: detect creatures
  1988 | D:4      | Killed a phantom
  1989 | D:4      | Reached skill level 4 in Unarmed Combat
  1989 | D:4      | Reached XP level 5. HP: 44/53 MP: 4/4
  2228 | D:5      | Entered Level 5 of the Dungeon
  2228 | D:5      | Noticed an ice beast
  2251 | D:4      | Killed an ice beast
  2252 | D:4      | Reached XP level 6. HP: 61/61 MP: 5/5
  2255 | D:5      | XOM: enchant monster (good)
  2274 | D:5      | Found a transporter.
  2280 | D:5      | Noticed Menkaure
  2306 | D:5      | XOM: enchant monster (bad)
  2311 | D:5      | XOM: confusion
  2312 | D:5      | Noticed Sigmund
  2320 | D:5      | Killed Menkaure
  2321 | D:5      | Reached skill level 5 in Unarmed Combat
  2321 | D:5      | Reached XP level 7. HP: 65/67 MP: 6/6
  2338 | D:5      | Killed Sigmund
  2395 | D:5      | XOM: swap monsters
  2411 | D:5      | Reached skill level 6 in Unarmed Combat
  2468 | D:5      | Noticed Gelos's ghost (novice GnTm)
  2470 | D:5      | Found a transporter.
  2511 | D:5      | XOM: silly message
  2515 | D:5      | Reached XP level 8. HP: 64/78 MP: 7/7
  2588 | D:5      | Identified the +1 robe of the Sea {Int+2}
  2589 | D:5      | XOM: summons 5 hostile demons
  2590 | D:5      | Noticed a sun demon
  2672 | D:5      | XOM is BORED!
  2672 | D:5      | XOM: chaos upgrade
  2694 | D:5      | XOM: snakes to sticks
  2821 | D:5      | XOM: snakes to sticks
  2846 | D:5      | HP: 9/78 [gnoll/+0 flail (8)]
  2854 | D:4      | HP: 5/78 [gnoll/+0 flail (7)]
  2942 | D:5      | XOM: smoke on damage
  3060 | D:5      | Found an ancient bone altar of Kikubaaqudgha.
  3065 | D:5      | Found a blossoming altar of Fedhas.
  3109 | D:5      | Found a bloodstained altar of Trog.
  3109 | D:5      | Found a stormy altar of Qazlal.
  3198 | D:5      | Found a staircase to the Ecumenical Temple.
  3270 | Temple   | Entered the Ecumenical Temple
  3466 | D:6      | Identified the +2 ring mail of Xeblaet {Regen+ Str+2 Dex-5
                  | SInv}
  3508 | D:6      | Found Direubbu's Assorted Antiques.
  3519 | D:6      | Noticed Duvessa
  3529 | D:6      | Noticed Dowan
  3532 | D:6      | XOM: cast spell 'Summon Small Mammal'
  3550 | D:6      | Killed Duvessa
  3554 | D:6      | HP: 11/79 [Dowan/+5 dagger of venom (4)]
  3556 | D:6      | XOM: confuse monster(s)
  3557 | D:6      | Gained mutation: You are dopey. (Int -2) [potion of
                  | mutation]
  3557 | D:6      | Lost mutation: You are dopey. (Int -2) [potion of mutation]
  3557 | D:6      | Gained mutation: Your flesh is heat resistant. (rF+)
                  | [potion of mutation]
  3557 | D:6      | Gained mutation: Your muscles are strong. (Str +2) [potion
                  | of mutation]
  3578 | D:6      | XOM: confuse monster(s)
  3580 | D:6      | Killed Dowan
  3621 | D:6      | Noticed Blork the orc
  3623 | D:6      | Found Zoireic's Antique Weapon Emporium.
  3624 | D:6      | XOM: summons friendly crimson imp
  3629 | D:6      | Killed Blork the orc
  3661 | D:6      | Found a sacrificial altar of Ru.
  3693 | D:6      | Reached skill level 7 in Unarmed Combat
  3881 | D:6      | XOM: noise
  3944 | D:6      | Noticed Pikel
  3950 | D:6      | XOM: potion effect (might)
  3954 | D:6      | Killed Pikel
  3955 | D:6      | Reached XP level 9. HP: 65/87 MP: 8/8
  4417 | D:7      | XOM: noise
  4474 | D:7      | Reached skill level 5 in Fighting
  4474 | D:7      | Reached skill level 8 in Unarmed Combat
  4956 | D:8      | XOM: confuse monster(s)
  5005 | D:8      | XOM: summons friendly hellwing
  5109 | D:8      | XOM: divination: detect creatures
  5204 | D:8      | Reached skill level 5 in Dodging
  5204 | D:8      | XOM: polymorph hellwing -> ice devil
  5367 | D:8      | Found Estraxapt's Magic Scroll Boutique.
  5373 | D:8      | Bought a scroll of identify for 26 gold pieces
  5373 | D:8      | Bought a scroll of noise for 13 gold pieces
  5711 | D:9      | Got the Reference Book on Dusty Transmutation
  5729 | D:9      | Noticed a kobold demonologist
  5730 | D:9      | Noticed a red devil
  5730 | D:9      | Noticed a kobold demonologist
  5735 | D:9      | Noticed a soul eater
  5735 | D:9      | Killed a kobold demonologist
  5736 | D:9      | Reached skill level 9 in Unarmed Combat
  5736 | D:9      | Reached XP level 10. HP: 38/96 MP: 9/9
  5874 | D:9      | XOM: fog
  6076 | D:9      | XOM: divination: magic mapping
  6104 | D:9      | Reached skill level 5 in Armour
  6108 | D:9      | XOM: give mutations
  6108 | D:9      | Gained mutation: Your mind is acute. (Int +2) [Xom's grace]
  6108 | D:9      | Gained mutation: You passively dampen the noise of your
                  | surroundings. [Xom's grace]
  6256 | D:9      | XOM: enchant monster (good)
  6393 | D:9      | Found a staircase to the Lair.
  6450 | D:9      | XOM: god gift: lead wand {god gift}
  6563 | D:10     | Entered Level 10 of the Dungeon
  6587 | D:10     | XOM: smoke on damage
  6590 | D:10     | Paralysed by a hornet for 3 turns
  6592 | D:10     | HP: 13/97 [poisoned by a hornet]
  6594 | D:10     | Slain by a hornet

Illustrated notes

Levels and vault maps discovered:
D:1:      enne_arrival_octagon_isle, layout_basic, st_stairs_7
D:2:      cheibrodos_old_hovel, layout_basic
D:3:      layout_basic
D:4:      layout_rooms, minivault_4
D:5:      layout_rooms, grunt_temple_overflow_growth_and_decay,
          gammafunk_temple_overflow_elements, temple_hall,
          gammafunk_ghost_arena, uniq_menkaure, uniq_sigmund
D:6:      layout_basic, hangedman_ru_absence, serial_shops,
          nicolae_shop_hallway_plus, nicolae_shop_stone, uniq_blork_the_orc,
          uniq_duvessa, uniq_pikel
D:7:      layout_rooms, serial_bayou, serial_bayou_pond_a, serial_bayou_pond_d,
          serial_bayou_crossing, serial_bayou_lagoon_b, serial_bayou_shore_a,
          grunt_ministairs_7, minivault_10
D:8:      layout_basic, serial_shops, kennysheep_little_box
D:9:      lemuel_slime, layout_loops_ring, lair_entry_dummy,
          kennysheep_flooded_box, minmay_misc_feat_x, hangedman_decor_opposing
D:10:     layout_stronghold, marbit_many_paths
Temple:   kb_temple_of_zot

Skill      XL: |  1  2  3  4  5  6  7  8  9 10 |
---------------+-------------------------------+-----
Dodging        | 2 3 4 5 |  5.4
Armour         | 1 2 3 4 5 |  5.0
Evocations     | 1 2 3 4 |  4.5
Fighting       | 3 4 5 |  5.7
Unarmed Combat | 4 5 6 7 9 |  9.4

Action                   |  1- 3 |  4- 6 |  7- 9 | 10-12 || total
-------------------------+-------+-------+-------+-------++-------
Melee: Unarmed           |    77 |    98 |   268 |    72 ||   515
       Punch             |     1 |     1 |    12 |     3 ||    17
Evoke: Piece from Xom's  |       |     2 |    10 |       ||    12
       Wand              |       |       |     3 |     2 ||     5
       Condenser vane    |       |       |       |     1 ||     1
  Use: Potion            |       |       |     5 |     1 ||     6
       Scroll            |       |       |     8 |       ||     8
 Stab: Sleeping          |     1 |       |       |       ||     1
       Petrified         |       |     2 |       |     2 ||     4
       Confused          |       |       |     1 |       ||     1
Armor: Robe              |    35 |    30 |    88 |    22 ||   175
Dodge: Dodged            |    28 |    42 |   143 |    31 ||   244

Table legend: (Time is in decaauts)
 A = Elapsed time spent in this place.
 B = Non-inter-level travel time spent in this place.
 C = Inter-level travel time spent in this place.
 D = Time resting spent in this place.
 E = Time spent auto-exploring this place.
 F = Levels seen in this place.
 G = Mean time per level.
                   A        B        C        D        E       F      G
               +--------+--------+--------+--------+--------+-----+--------+
         Total |   6577 |   6326 |    251 |    201 |   4636 |  11 |  597.9 |
       Dungeon |   6458 |   6222 |    236 |    201 |   4544 |  10 |  645.8 |
        Temple |    118 |    103 |     15 |      0 |     92 |   1 |  118.0 |
               +--------+--------+--------+--------+--------+-----+--------+

Top non-repeatable levels by time:
     D:9: 1068 daAuts
     D:5: 876 daAuts
     D:6: 768 daAuts
     D:7: 762 daAuts
     D:1: 673 daAuts
     D:4: 596 daAuts
     D:2: 576 daAuts
     D:3: 561 daAuts
     D:8: 541 daAuts
  Temple: 118 daAuts
    D:10: 32 daAuts
